 Dungeon Crawl Stone Soup version 0.24-a0-537-g2d01d4ab0a (webtiles) character file.

Game seed: 15875553451359571056

102 Allula97 the Skirmisher (level 4, -1/37 HPs)
             Began as a Demonspawn Fighter on Aug 14, 2019.
             Slain by Sigmund
             ... wielding a +0 scythe
              (7 damage)
             ... on level 2 of the Dungeon.
             The game lasted 00:12:26 (2721 turns).

Allula97 the Skirmisher (Demonspawn Fighter)        Turns: 2721, Time: 00:12:27

Health: -1/37      AC:  7    Str: 21 (24) XL:     4   Next: 49%
Magic:  0/4        EV:  7    Int:  9 (12) God:
Gold:   181        SH:  9    Dex: 12 (13) Spells: 3/3 levels left

rFire    + . .     SeeInvis .   a - +0 long sword
rCold    . . .     Gourm    .   c - +0 shield
rNeg     . . .     Faith    .   b - +0 scale mail
rPois    .         Spirit   +   (helmet restricted)
rElec    .         Reflect  .   (no cloak)
rCorr    .         Harm     .   q - +0 pair of gloves
MR       +....                  (no boots)
Stlth    ..........             m - amulet of guardian spirit
HPRegen  0.00/turn              j - ring of protection from fire
MPRegen  0.09/turn              v - ring of protection from magic

@: mighty, brilliant
A: antennae 1, talons 1, dopey 1, inhibited regeneration, strong 1
a: no special abilities


You were on level 2 of the Dungeon.
You were not hungry.

You visited 1 branch of the dungeon, and saw 3 of its levels.

You collected 181 gold pieces.

Inventory:

Hand Weapons
 a - a +0 long sword (weapon)
 s - a +0 short sword of venom
Missiles
 h - 19 poisoned darts (quivered)
Armour
 b - a +0 scale mail (worn)
 c - a +0 shield (worn)
 i - a +0 ring mail
 q - a +0 pair of gloves (worn)
Jewellery
 j - a ring of protection from fire (left hand)
 m - an amulet of guardian spirit (around neck)
 v - a ring of protection from magic (right hand)
Wands
 y - a wand of scattershot (2)
Scrolls
 g - 2 scrolls of identify
 k - 2 scrolls of remove curse {unknown}
 n - 2 scrolls of teleportation {unknown}
 o - 3 scrolls of amnesia {unknown}
 p - a scroll of enchant weapon {unknown}
 r - 2 scrolls of magic mapping {unknown}
 u - a scroll of random uselessness {unknown}
 x - 2 scrolls of enchant armour {unknown}
Potions
 e - 2 potions of magic
 l - 3 potions of resistance
 w - 2 potions of degeneration
Comestibles
 f - 8 rations
 z - 3 chunks of flesh


   Skills:
 * Level 3.6 Fighting
 + Level 2.2 Long Blades
 + Level 3.1 Armour
 * Level 1.2 Dodging
 - Level 0.2 Stealth
 + Level 3.0 Shields
 * Level 1.4 Unarmed Combat


You had 3 spell levels left.
You didn't know any spells.
Your spell library was empty.

Dungeon Overview and Level Annotations

Branches:
Dungeon (3/15)

Altars:
Ru

Annotations:
D:2 Sigmund


Innate Abilities, Weirdness & Mutations

You have a pair of small antennae on your head.
You have sharp toenails.
You are dopey. (Int -2)
You do not regenerate when monsters are visible.
Your muscles are strong. (Str +2)


Message History

You hit something. Something hits you!
* * * LOW HITPOINT WARNING * * *
You closely miss something. Something hits you.
* * * LOW HITPOINT WARNING * * *
Something hits you but does no damage.
You feel very mighty all of a sudden.
Drop what? 26/52 slots (_ for help) (? for menu, Esc to quit)
Okay, then.
It was a potion of degeneration.
There was something very wrong with that liquid.
You feel weakened.
You feel dopey.
You feel clumsy. Something hits you but does no damage.
It was a potion of brilliance.
You feel clever all of a sudden.
You hear some strange, mumbled words.
Something tries to affect you, but you resist.
It was a potion of mutation.
You feel extremely strange.
You feel stupid.
Your regeneration stops near monsters.
You feel stronger. Something hits you!
You die...

##.# ##.....##
######.##.# # #.#
##...## #......####
# #.# ##+## #.######
#.# #.# #.# #.#
#.##### #.#
####.....# #.#
.......#.# #.#
#.....#.# #.# #
#.....#@# #.#
.####.#.#.#.#.####.#
........#.#.{......#
#####.......#.######
#####.....#
######>#####
###...##.#
#.......># #
##........####### #.


There were no monsters in sight!

Vanquished Creatures
  4 adders
  3 worms
  A dart slug (D:2)
  3 leopard geckos
  2 orcs (D:3)
  7 giant cockroaches
  2 hobgoblins
  3 kobolds
  3 quokkas
  4 bats
  6 frilled lizards
  6 goblins
  7 rats
51 creatures vanquished.

Notes
Turn   | Place    | Note
-------+----------+-------------------------------------------
     0 | D:1      | Allula97 the Demonspawn Fighter began the quest for the
                  | Orb.
     0 | D:1      | Reached XP level 1. HP: 18/18 MP: 1/1
   382 | D:1      | Gained mutation: You have sharp toenails. [demonic
                  | ancestry]
   382 | D:1      | Reached XP level 2. HP: 24/24 MP: 2/2
   760 | D:1      | You fall into a shaft and drop 1 floor!
  1128 | D:2      | Found a faded altar of an unknown god.
  1142 | D:2      | Became a worshipper of Ru the Awakened
  1145 | D:2      | Fell from the grace of Ru
  1221 | D:2      | Reached XP level 3. HP: 22/29 MP: 3/3
  1241 | D:2      | Reached skill level 1 in Unarmed Combat
  1376 | D:2      | Noticed Sigmund
  1840 | D:3      | Reached skill level 1 in Dodging
  2202 | D:3      | Gained mutation: You have a pair of small antennae on your
                  | head. [demonic ancestry]
  2202 | D:3      | Reached XP level 4. HP: 35/35 MP: 4/4
  2721 | D:2      | Gained mutation: You are dopey. (Int -2) [potion of
                  | mutation]
  2721 | D:2      | Gained mutation: You do not regenerate when monsters are
                  | visible. [potion of mutation]
  2721 | D:2      | Gained mutation: Your muscles are strong. (Str +2) [potion
                  | of mutation]
  2721 | D:2      | Slain by Sigmund

Levels and vault maps discovered:
D:1:      dpeg_arrival_short_road, layout_basic
D:2:      layout_loops_corners, chequers_ecumenical_altar_simple, tgw_trog,
          uniq_sigmund, uniq_jessica
D:3:      layout_basic, kennysheep_generic_room_4

Skill      XL: |  1  2  3 |
---------------+----------+-----
Long Blades    | 2 |  2.2
Unarmed Combat | 1 |  1.4
Armour         | 3 |  3.1
Shields        | 3 |  3.0
Dodging        | 1 |  1.2
Fighting       | |  3.6
Stealth        | |  0.2

Action                   |  1- 3 |  4- 6 || total
-------------------------+-------+-------++-------
Melee: Long sword        |   146 |    44 ||   190
       Kick              |    34 |    11 ||    45
Invok: Renounce Religion |     1 |       ||     1
  Use: Scroll            |     2 |       ||     2
       Potion            |       |     4 ||     4
  Eat: Chunk             |     4 |     2 ||     6
Armor: Scale mail        |    47 |    23 ||    70
Dodge: Dodged            |    44 |     8 ||    52
Block: Shield            |    74 |    21 ||    95
       Rpst.: Long sword |    13 |     6 ||    19

Table legend:
 A = Non-vault XP
 B = Vault XP
 C = Vault XP percentage of total XP
 D = Non-vault monster count
 E = Vault monster count
 F = Vault count percentage of total count
                 A         B        C        D         E       F
            +---------+---------+-------+---------+---------+-------
      Total |     144 |       2 |   1.4 |      50 |       1 |   2.0
            +---------+---------+-------+---------+---------+-------
        D:1 |      20 |       0 |   0.0 |      12 |       0 |   0.0
        D:2 |      82 |       0 |   0.0 |      23 |       0 |   0.0
        D:3 |      42 |       2 |   4.5 |      15 |       1 |   6.2
            +---------+---------+-------+---------+---------+-------
